 Dungeon Crawl Stone Soup version 0.26.0-10-g1f06aea511 (webtiles) character file.

Game seed: 2515123650796862752

1458 Borgoz the Ducker (level 8, -5/68 HPs)
             Began as a Ghoul Gladiator on Jan 31, 2021.
             Slain by a death yak (22 damage)
             ... on level 9 of the Dungeon.
             The game lasted 00:08:12 (5437 turns).

Borgoz the Ducker (Ghoul Gladiator)                 Turns: 5437, Time: 00:08:13

Health: -5/68      AC:  6    Str: 18    XL:     8   Next: 76%
Magic:  7/7        EV: 12    Int:  3    God:
Gold:   327        SH:  9    Dex: 12    Spells: 7/7 levels left

rFire    . . .     SeeInvis .   b - +1 short sword (venom)
rCold    + . .     Faith    .   d - +2 kite shield {reflect}
rNeg     + + +     Spirit   .   q - +0 leather armour
rPois    ∞         Reflect  +   c - +0 helmet
rElec    .         Harm     .   (no cloak)
rCorr    +         Rampage  .   m - +1 pair of gloves
Will     .....                  (no boots)
Stlth    +.........             (no amulet)
HPRegen  0.00/turn              j - ring of resist corrosion
MPRegen  0.10/turn              (no ring)

@: mighty
A: claws 1, cold resistance 1, negative energy resistance 3, inhibited
regeneration, torment resistance, unbreathing
a: no special abilities


You were on level 9 of the Dungeon.
You visited 1 branch of the dungeon, and saw 9 of its levels.
You also visited: Sewer.

You collected 327 gold pieces.

Inventory:

Hand Weapons
 a - a +2 long sword of pain
 b - a +1 short sword of venom (weapon)
Armour
 c - a +0 helmet (worn)
 d - a +2 kite shield of reflection (worn)
 h - +1 steam dragon scales
 k - a +2 helmet
 m - a +1 pair of gloves (worn)
 q - a +0 leather armour (worn)
Jewellery
 j - a ring of resist corrosion (left hand)
Wands
 s - a wand of digging (4)
 t - a wand of flame (13)
Scrolls
 e - 4 scrolls of remove curse
 f - a scroll of identify
 i - a scroll of magic mapping
 l - 2 scrolls of fog
 v - a scroll of enchant armour
Potions
 g - a potion of brilliance
 o - 2 potions of might
 u - 2 potions of flight


   Skills:
 * Level 5.0 Fighting
 * Level 6.1 Long Blades
 - Level 1.7 Throwing
 * Level 3.6 Armour
 * Level 6.2 Dodging
 + Level 0.3 Shields
 + Level 0.2 Evocations


You had 7 spell levels left.
You didn't know any spells.
Your spell library was empty.

Dungeon Overview and Level Annotations

Branches:
Dungeon (9/15)              Sewer (visited)
 Temple: D:4-7         Lair: D:8-11         Orc: D:9-12

Altars:


Innate Abilities, Weirdness & Mutations

You thrive by killing the living.
You are immune to poison.
You have sharp fingernails.
Your flesh is cold resistant. (rC+)
You are immune to negative energy. (rN+++)
You do not regenerate when monsters are visible.
You are immune to unholy pain and torment.
You can survive without breathing.


Message History

You block the big kobold's attack.
Found 13 sling bullets.
You hit the death yak.
The death yak looks as sick as possible!
The death yak is heavily wounded.
The death yak barely misses you.
You see here 13 sling bullets.
Found a fizzy orange potion.
Found a stone staircase leading down.
Found a ring mail and a robe.
There is a stone staircase leading down here.
The death yak barely misses you.
You climb downwards.
A hound, 2 bullfrogs, a jelly and a zombie come into view.
The bullfrog croaks.
The hound barks!
The bullfrog croaks.
Found 16 gold pieces, 16 bolts and 18 stones.
Found a stone staircase leading down.
There is a stone staircase leading up here.
The jelly quivers.
The death yak gores you!!
You die...

##############
#............#
#.....h.>....#.
#....(......F..
#........(....#
#....F........#
#........J....#
#.....@<.....#
#.....Y.Z...(#
###########+##


You could see a death yak (very poisoned), 2 bullfrogs, a hound, a jelly and a
bullfrog zombie.

Vanquished Creatures
  Maggie (D:7)
  An ice beast (D:6)
  A phantom (D:6)
  An ogre (D:5)
  Purgy (Sewer)
  3 centaurs
  A bullfrog (D:6)
  A hound (D:8)
  4 orc wizards
  Jessica (D:2)
  2 iguanas (D:5)
  Natasha (thrice) (D:2)
  3 worker ants
  A hound zombie (D:4)
  3 adders
  A shadow imp (D:5)
  A white imp (D:5)
  An ufetubus (D:5)
  2 oozes
  An adder zombie (D:6)
  2 worms (D:3)
  3 dart slugs
  8 leopard geckos
  6 orcs
  2 ball pythons (D:1)
  8 giant cockroaches
  8 goblins
  6 hobgoblins (D:1)
  8 jackals
  A quokka (D:6)
  6 bats
  4 frilled lizards
  9 kobolds
  8 rats
112 creatures vanquished.

Vanquished Creatures (others)
  10 plants (D:8)
10 creatures vanquished.

Grand Total: 122 creatures vanquished

Notes
Turn   | Place    | Note
-------+----------+-------------------------------------------
     0 | D:1      | Borgoz the Ghoul Gladiator began the quest for the Orb.
     0 | D:1      | Reached XP level 1. HP: 17/17 MP: 0/0
   222 | D:1      | Reached XP level 2. HP: 22/25 MP: 1/1
   513 | D:1      | Reached XP level 3. HP: 30/30 MP: 2/2
  1284 | D:2      | Reached skill level 1 in Armour
  1426 | D:2      | Noticed Jessica
  1441 | D:2      | Killed Jessica
  1442 | D:2      | Reached XP level 4. HP: 37/37 MP: 3/3
  1739 | D:2      | Noticed Natasha
  1751 | D:2      | Killed Natasha
  2095 | D:2      | Found a faded altar of an unknown god.
  2209 | D:2      | Noticed Natasha
  2218 | D:2      | Killed Natasha
  2219 | D:2      | Reached XP level 5. HP: 35/45 MP: 4/4
  2320 | D:2      | Noticed Natasha
  2332 | D:2      | Killed Natasha
  3210 | D:3      | Reached XP level 6. HP: 51/51 MP: 5/5
  3403 | D:3      | You fall into a shaft and drop 3 floors!
  3404 | D:6      | Noticed a phantom
  3470 | D:6      | Killed a phantom
  3570 | D:6      | Noticed an ice beast
  3582 | D:6      | Killed an ice beast
  3583 | D:6      | Reached XP level 7. HP: 13/58 MP: 6/6
  3921 | D:5      | Entered Level 5 of the Dungeon
  3940 | D:5      | Reached skill level 5 in Long Blades
  3940 | D:5      | Reached skill level 5 in Dodging
  4123 | D:5      | Found a glowing drain.
  4139 | Sewer    | Entered a sewer
  4146 | Sewer    | Noticed Purgy
  4168 | Sewer    | Killed Purgy
  4606 | D:5      | Reached XP level 8. HP: 63/66 MP: 7/7
  4817 | D:4      | You fall into a shaft and drop 3 floors!
  4829 | D:7      | Noticed Maggie
  4850 | D:7      | HP: 2/67 [Maggie/bolt of fire (18)]
  4854 | D:7      | Killed Maggie
  5402 | D:8      | Noticed a death yak
  5403 | D:8      | Noticed a death yak
  5412 | D:8      | Reached skill level 5 in Fighting
  5437 | D:9      | Slain by a death yak

Illustrated notes

Levels and vault maps discovered:
D:1:      evilmike_arrival_fibonacci_small, layout_loops_corners
D:2:      cheibrodos_helix_gallery, layout_basic,
          chequers_ecumenical_altar_simple, kennysheep_minor_cross,
          kennysheep_generic_room_4, uniq_jessica, uniq_natasha
D:3:      layout_rooms, serial_bayou_pond_a
D:4:      layout_loops_ring, minmay_temple_entry_arrows, serial_park_tiny_1
D:5:      layout_gridville, gup_sewer_entry_pipe, uniq_eustachio, uniq_menkaure
D:6:      layout_basic, hangedman_decor_lopped
D:7:      layout_cave_pools, gammafunk_ghost_nasty_kobolds, uniq_maggie
D:8:      statuecave_lemuel, layout_basic, dpeg_lair_monsters, serial_shops,
          shop, serial_bayou, serial_bayou_pond_c, serial_bayou_pond_c,
          serial_bayou_shore_b, serial_bayou_lagoon_b, serial_bayou_pond_b,
          nicolae_dithmenos_the_darkroom
D:9:      layout_roguey, lemuel_doored_altar, serial_shops, shop, basic_altar,
          the_bakery, uniq_harold

Skill      XL: |  1  2  3  4  5  6  7  8 |
---------------+-------------------------+-----
Dodging        | 3 4 5 6 |  6.2
Long Blades    | 3 4 5 6 |  6.1
Armour         | 1 2 3 |  3.6
Fighting       | 3 4 5 |  5.0
Throwing       | |  1.7
Shields        | |  0.3
Evocations     | |  0.2

Action                   |  1- 3 |  4- 6 |  7- 9 || total
-------------------------+-------+-------+-------++-------
Melee: Long sword        |   103 |   135 |    55 ||   293
       Dagger            |       |    50 |       ||    50
       Short sword       |       |       |   125 ||   125
Throw: Throwing net      |     1 |     1 |     2 ||     4
Evoke: Wand              |       |     3 |       ||     3
  Use: Potion            |       |     6 |     5 ||    11
       Scroll            |       |     5 |    11 ||    16
 Stab: Held in net/web   |       |     1 |     1 ||     2
       Distracted        |       |     1 |       ||     1
Armor: Leather armour    |    27 |    56 |    63 ||   146
Dodge: Dodged            |    68 |   125 |   146 ||   339
Block: Kite shield       |       |       |    24 ||    24
       Reflection        |       |       |     1 ||     1
       Rpst.: Long sword |    22 |    28 |    13 ||    63
